 Dungeon Crawl Stone Soup version 0.17-a0-18-gc25b939 (webtiles) character file.

27870 Chiseanne the Cleaver (level 13, -9/92 HPs)
             Began as a Formicid Fighter on Mar 10, 2015.
             Was an Initiate of Gozag.
             Mangled by a freezing wraith (17 damage)
             ... on level 15 of the Dungeon.
             The game lasted 01:03:51 (15900 turns).

Chiseanne the Cleaver (Formicid Fighter)           Turns: 15900, Time: 01:03:51

Health: -9/92      AC:  8    Str: 25    XL:     13   Next: 69%
Magic:  17/17      EV: 16    Int: 11    God:    Gozag
Gold:   1740       SH: 14    Dex: 11    Spells: 0 memorised, 12 levels left

rFire  . . .     SeeInvis +     s - +1 great sword (flame)
rCold  . . .     Clarity  .     G - +2 robe "Bualaozou" {rN+ Str+3}
rNeg   + . .     SustAb   .     c - +1 shield
rPois  +         Gourm    .     (helmet unavailable)
rElec  .         Spirit   .     T - +0 cloak
rCorr  .         Warding  .     y - +1 pair of gloves
rMut   .         Stasis   +     (no boots)
MR     +....                    I - amulet of regeneration
Stlth  +.........               C - +3 ring of slaying
                                g - ring of poison resistance

@: somewhat resistant to hostile enchantments, very unstealthy
A: permanent stasis, dig shafts and tunnels, four strong arms, antennae 3
a: Dig, Shaft Self, Potion Petition, Call Merchant, Bribe Branch, Renounce
Religion


You were on level 15 of the Dungeon.
You worshipped Gozag.
Gozag was noncommittal.
You were not hungry.

You visited 2 branches of the dungeon, and saw 16 of its levels.
You also visited: Sewer.

You collected 2678 gold pieces.
You spent 838 gold pieces at shops.
You paid 100 gold pieces to Gozag.

Inventory:

Hand weapons
 a - a +3 battleaxe of protection
 s - a +1 great sword of flaming (weapon)
 w - a +0 blowgun
Missiles
 d - 2 throwing nets
 h - 33 poisoned needles
 p - 2 silver tomahawks
 N - 14 javelins (quivered)
 S - 7 curare-tipped needles
Armour
 c - a +1 shield (worn)
 y - a +1 pair of gloves (worn)
 G - the +2 robe "Bualaozou" (worn) {rN+ Str+3}
   (You found it on level 7 of the Dungeon)

   It affects your strength (+3).
   It protects you from negative energy.
 T - a +0 cloak (worn)
Jewellery
 g - a ring of poison resistance (left hand)
 j - an uncursed amulet of the gourmand
 l - an uncursed ring of ice
 u - an uncursed ring of protection from magic
 C - a +3 ring of slaying (right hand)
 I - an amulet of regeneration (around neck)
 O - the amulet "Horidd" {rCorr rPois SInv}
   (You found it on level 14 of the Dungeon)

   [amulet of resist corrosion]

   It protects you from acid and corrosion.
   It protects you from poison.
   It enhances your eyesight.
 W - an uncursed ring of sustain abilities
Magical devices
 A - a wand of teleportation (1)
 U - a wand of digging (13)
 V - a wand of fireball (3)
Scrolls
 b - a scroll of holy word
 e - 4 scrolls of recharging
 n - 3 scrolls of remove curse
 o - 2 scrolls of immolation
 E - 6 scrolls of fear
 F - a scroll of summoning
 H - 2 scrolls of noise
 L - a scroll of enchant armour
 P - a scroll of fog
 Y - a scroll of amnesia
 Z - a scroll of magic mapping
Potions
 f - a potion of ambrosia
 i - a potion of cure mutation
 k - 2 potions of curing
 r - 3 potions of flight
 t - a potion of magic
 x - 2 potions of mutation
 z - 2 potions of restore abilities
 D - 2 potions of brilliance
 K - 2 potions of cancellation
 Q - a potion of beneficial mutation {unknown}
Books
 q - a book of the Sky

   Spells                             Type                      Level
   a - Flight                         Charms/Air                   3
   b - Airstrike                      Air                          4
   c - Silence                        Hexes/Air                    5
   d - Deflect Missiles               Charms/Air                   6
   e - Conjure Ball Lightning         Conjuration/Air              6
   f - Tornado                        Air                          9
 B - a book of the Sky

   Spells                             Type                      Level
   a - Flight                         Charms/Air                   3
   b - Airstrike                      Air                          4
   c - Silence                        Hexes/Air                    5
   d - Deflect Missiles               Charms/Air                   6
   e - Conjure Ball Lightning         Conjuration/Air              6
   f - Tornado                        Air                          9
 X - a book of Fire

   Spells                             Type                      Level
   a - Ignite Poison                  Fire/Transmutation           5
   b - Fireball                       Conjuration/Fire             5
   c - Bolt of Fire                   Conjuration/Fire             6
   d - Delayed Fireball               Conjuration/Fire             7
   e - Ring of Flames                 Charms/Fire                  7
Miscellaneous
 J - a stone of tremors
Comestibles
 m - 3 meat rations
 M - a beef jerky


   Skills:
 - Level 5.5 Fighting
 * Level 14.6(14.9) Axes
   Level 4.8(10.9) Maces & Flails
 - Level 6.3 Armour
 - Level 10.0 Dodging
 * Level 11.7 Shields


You had 12 spell levels left.
You didn't know any spells.

Dungeon Overview and Level Annotations

Branches:
Dungeon (15/15)            Temple (1/1) D:5            Lair (0/8) D:8
    Orc (0/4) D:9
 Vaults: D:13-14     Depths: D:15

Altars:
Ashenzari
Cheibriados
Dithmenos
Fedhas
Gozag
Makhleb
Nemelex Xobeh
Qazlal
Ru
Sif Muna
Trog
Xom
Yredelemnul
Zin
The Shining One

Shops:
D:7 *   D:8 (   D:9 =   D:11 *:

Annotations:
D:5 Pikel
D:13 1 runed door, exclusions: wandering mushroom and 2 more exclusions


Innate Abilities, Weirdness & Mutations

You are under a permanent stasis effect.
You can dig through walls and to a lower floor.
Your four strong arms can wield two-handed weapons with a shield.
You have a pair of large antennae on your head (SInv).


Message History

You block the freezing wraith's attack. The freezing wraith barely misses you.
You see here 17 gold pieces.
You hit the freezing wraith but do no damage.
The freezing wraith hits you. The freezing wraith freezes you!!
The freezing wraith completely misses you.
You slice the freezing wraith!!
The freezing wraith is severely damaged.
The freezing wraith barely misses you. You block the freezing wraith's attack.
Wield which item (- for none, * to show all)? (? for menu, Esc to quit)
You feel less protected.
It bursts into flame!
s - a +1 great sword of flaming (weapon)
You barely miss the freezing wraith.
The freezing wraith is severely damaged.
The freezing wraith hits you. The freezing wraith freezes you!
* * * LOW HITPOINT WARNING * * *
You block the freezing wraith's attack. The freezing wraith hits you.
* * * LOW HITPOINT WARNING * * *
The freezing wraith freezes you!
You die...
Your body crumbles into a pile of gold.

# $ .##. ..... ### ......
##@## ....... # #.#W##
W...... . ####.## .......
.#########.##.##........
#.......{.....(..# ### #..
.........###........
##)###.###.........###......
##.#.##.##...........###.#...
.####.#.#.............# #.#..


You could see a freezing wraith.

Vanquished Creatures
  Louise (D:14)
  Josephine (D:13)
  Harold (D:13)
  A hydra (D:14)
  4 centaur warriors
  Urug (D:13)
  An unseen horror (D:12)
  4 hill giants
  A griffon (D:15)
  3 ugly things (D:14)
  2 cyclopes
  2 gargoyles (D:11)
  An efreet (D:15)
  3 trolls
  Sonja (D:13)
  5 slime creatures (D:15)
  A two-headed ogre (D:12)
  A basilisk (D:11)
  A shadow (D:8)
  2 wyverns (D:12)
  A soldier ant (D:13)
  4 hippogriffs
  A steam dragon (D:13)
  14 yaks
  9 wraiths
  A hungry ghost (D:12)
  Menkaure (D:7)
  2 sky beasts
  3 wandering mushrooms (D:8)
  4 phantoms
  Purgy (Sewer)
  5 orc warriors
  2 slaves
  A water moccasin (D:10)
  4 ice beasts
  A wasp (D:7)
  A black bear (D:11)
  14 centaurs
  6 necrophages
  Duvessa (D:7)
  3 ogres
  3 big kobolds
  8 giant frogs
  3 scorpions
  28 killer bees
  23 wights
  2 goliath beetles (D:8)
  Dowan (D:7)
  5 crimson imps
  A quasit (D:10)
  12 orc wizards
  A centaur zombie (D:9)
  3 giant frog skeletons
  A giant frog zombie (D:7)
  6 hounds
  11 orc priests
  6 jellies
  5 centaur skeletons
  6 iguanas
  5 worker ants
  A killer bee zombie (D:9)
  2 sheep (D:13)
  2 hound skeletons
  A worker ant zombie (D:5)
  8 adders
  3 giant mites
  3 shadow imps
  3 worms
  2 adder zombies
  An adder skeleton (D:4)
  11 giant geckos
  An ooze (D:4)
  49 orcs
  18 bats
  6 giant cockroaches
  12 goblins
  14 hobgoblins
  8 jackals
  26 kobolds
  6 quokkas
  A ball python zombie (D:5)
  A giant gecko skeleton (D:8)
  3 giant newts
  A giant spore (D:6)
  12 rats
  A ballistomycete (D:6)
  8 fungi (D:8)
  6 plants (D:7)
456 creatures vanquished.

Vanquished Creatures (collateral kills)
  A centaur skeleton (D:13)
1 creature vanquished.

Vanquished Creatures (others)
  A necrophage (D:10)
  An earth elemental (D:13)
  An orc (D:6)
  3 fungi (D:8)
6 creatures vanquished.

Grand Total: 463 creatures vanquished

Notes
Turn   | Place    | Note
--------------------------------------------------------------
     0 | D:1      | Chiseanne, the Formicid Fighter, began the quest for the Orb.
     0 | D:1      | Reached XP level 1. HP: 18/18 MP: 1/1
   143 | D:1      | Reached XP level 2. HP: 17/24 MP: 3/3
   321 | D:1      | Reached skill level 4 in Shields
   825 | D:1      | Reached XP level 3. HP: 29/29 MP: 4/4
  1005 | D:2      | Found a deep blue altar of Sif Muna.
  1082 | D:2      | Found a stormy altar of Qazlal.
  1097 | D:2      | Found a shadowy altar of Dithmenos.
  1182 | D:2      | Found a sacrificial altar of Ru.
  1243 | D:2      | Found a shattered altar of Ashenzari.
  1455 | D:2      | Reached XP level 4. HP: 16/37 MP: 5/5
  1864 | D:3      | Reached skill level 1 in Dodging
  2017 | D:3      | Noticed a phantom
  2050 | D:3      | Killed a phantom
  2050 | D:3      | Reached XP level 5. HP: 34/42 MP: 7/7
  2050 | D:3      | Reached XP level 6. HP: 38/48 MP: 8/8
  2839 | D:4      | You fall through a shaft!
  2839 | D:5      | Entered Level 5 of the Dungeon
  2911 | D:4      | Found a basalt altar of Yredelemnul.
  2921 | D:4      | Reached skill level 5 in Shields
  3084 | D:4      | Found a snail-covered altar of Cheibriados.
  3197 | D:4      | Found a glowing silver altar of Zin.
  3304 | D:4      | Reached XP level 7. HP: 37/55 MP: 9/9
  3386 | D:5      | Found a staircase to the Ecumenical Temple.
  3406 | D:5      | Found a deep blue altar of Sif Muna.
  3855 | D:5      | Noticed a slave
  3855 | D:5      | Noticed a slave
  3856 | D:5      | Noticed Pikel
  3856 | D:5      | Noticed a slave
  3883 | Temple   | Entered the Ecumenical Temple
  3901 | Temple   | Killed a slave
  3920 | Temple   | Became a worshipper of Gozag Ym Sagoz the Greedy
  4037 | D:5      | Killed a slave
  4319 | D:5      | Noticed a rust devil
  4956 | D:6      | Reached skill level 5 in Armour
  4991 | D:6      | Reached skill level 5 in Fighting
  5125 | D:6      | Reached XP level 8. HP: 54/62 MP: 11/11
  5189 | D:6      | Found a glowing drain.
  5209 | Sewer    | Entered a sewer
  5372 | Sewer    | Noticed Purgy
  5378 | Sewer    | Killed Purgy
  5378 | Sewer    | Reached skill level 6 in Armour
  5784 | D:6      | Found a shimmering altar of Xom.
  5784 | D:6      | Found a burning altar of Makhleb.
  6016 | D:7      | Noticed Dowan
  6017 | D:7      | Noticed Duvessa
  6024 | D:7      | Killed Duvessa
  6024 | D:7      | Reached skill level 5 in Axes
  6042 | D:7      | Killed Dowan
  6281 | D:7      | Found Cuniumut's Assorted Antiques.
  6314 | D:7      | Bought a scroll of identify for 64 gold pieces
  6314 | D:7      | Bought a scroll of identify for 64 gold pieces
  6314 | D:7      | Bought 2 scrolls labeled PNYSARO SMEIRE for 64 gold pieces
  6314 | D:7      | Bought a ruby potion for 28 gold pieces
  6314 | D:7      | Bought a scroll labeled TRESKYJ BLOAS for 32 gold pieces
  6413 | D:7      | Noticed Menkaure
  6444 | D:7      | Killed Menkaure
  6599 | D:7      | Reached XP level 9. HP: 68/68 MP: 12/12
  6602 | D:7      | Got a polished dagger
  6603 | D:7      | Identified the +6 dagger of Vusuv {drain, rN++ SInv} (You found it on level 7 of the Dungeon)
  6670 | D:7      | Reached skill level 1 in Maces & Flails
  6797 | D:7      | Reached skill level 5 in Dodging
  7142 | D:7      | Got a silken robe
  7155 | D:7      | Identified the +2 robe "Bualaozou" {rN+ Str+3} (You found it on level 7 of the Dungeon)
  7302 | D:8      | Found Wiuntoat's Antique Weapon Boutique.
  7713 | D:8      | Noticed a centaur warrior
  7725 | D:8      | HP: 3/68 [centaur warrior (13)]
  7730 | D:8      | Killed a centaur warrior
  7730 | D:8      | Reached skill level 7 in Dodging
  7730 | D:8      | Reached XP level 10. HP: 14/74 MP: 13/13
  8390 | D:8      | Reached skill level 8 in Dodging
  8437 | D:8      | Found a staircase to the Lair.
  8438 | D:8      | Noticed a wandering mushroom
  8442 | D:8      | Noticed a wandering mushroom
  8442 | D:8      | Noticed a wandering mushroom
  8452 | D:8      | Killed a wandering mushroom
  8940 | D:8      | Killed a wandering mushroom
  9128 | D:8      | Killed a wandering mushroom
  9308 | D:8      | Reached skill level 9 in Dodging
  9637 | D:9      | Found Ymyhab's Jewellery Boutique.
  9649 | D:9      | Bought an uncursed amulet of regeneration for 510 gold pieces
  9649 | D:9      | Bought a cursed ring of loudness for 76 gold pieces
  9700 | D:9      | Found a staircase to the Orcish Mines.
 10118 | D:9      | Found a blossoming altar of Fedhas.
 10325 | D:10     | Entered Level 10 of the Dungeon
 10373 | D:10     | Noticed a hill giant
 10389 | D:10     | Killed a hill giant
 10389 | D:10     | Reached XP level 11. HP: 80/80 MP: 15/15
 10808 | D:10     | Reached skill level 10 in Dodging
 10824 | D:10     | Found a deep blue altar of Sif Muna.
 11149 | D:10     | You fall through a shaft for 3 floors!
 11218 | D:13     | Found a glowing silver altar of Zin.
 11218 | D:13     | Noticed a daeva
 11219 | D:13     | Found a runed door.
 11219 | D:13     | Noticed Josephine
 11266 | D:13     | Killed Josephine
 11323 | D:13     | Reached skill level 10 in Axes
 11653 | D:13     | Noticed Sonja
 11686 | D:13     | Killed Sonja
 11898 | D:13     | Noticed a hill giant
 11901 | D:13     | Noticed Urug
 11906 | D:13     | Killed a hill giant
 11906 | D:13     | Reached skill level 11 in Axes
 11946 | D:13     | Killed Urug
 11946 | D:13     | Reached XP level 12. HP: 55/86 MP: 16/16
 12356 | D:13     | Noticed a cyclops
 12359 | D:13     | Noticed a centaur warrior
 12363 | D:13     | Killed a cyclops
 12366 | D:13     | Killed a centaur warrior
 12702 | D:13     | Noticed Harold
 12716 | D:13     | Killed Harold
 12716 | D:13     | Reached skill level 12 in Axes
 13365 | D:12     | Noticed a centaur warrior
 13370 | D:12     | Killed a centaur warrior
 13615 | D:12     | Reached skill level 13 in Axes
 13980 | D:12     | Reached XP level 13. HP: 57/92 MP: 17/17
 14074 | D:12     | Reached skill level 10 in Shields
 14397 | D:11     | Noticed a hill giant
 14403 | D:11     | Killed a hill giant
 14479 | D:11     | Found Yzair's Pet Rocks.
 14872 | D:11     | Found Woidit Teta's Book Boutique.
 15054 | D:14     | Got a translucent crystal amulet
 15056 | D:14     | Identified the amulet "Horidd" {rCorr rPois SInv} (You found it on level 14 of the Dungeon)
 15137 | D:14     | Noticed Louise
 15154 | D:14     | Killed Louise
 15154 | D:14     | Reached skill level 14 in Axes
 15342 | D:15     | Entered Level 15 of the Dungeon
 15516 | D:15     | Found an opulent altar of Gozag.
 15900 | D:15     | Mangled by a freezing wraith

Action                   |  1- 3 |  4- 6 |  7- 9 | 10-12 | 13-15 || total
-------------------------+-------+-------+-------+-------+-------++-------
Melee: War axe           |   109 |   225 |   278 |       |       ||   612
       Morningstar       |       |       |    25 |       |       ||    25
       Great mace        |       |       |    73 |    41 |       ||   114
       Battleaxe         |       |       |       |   601 |   226 ||   827
       Great sword       |       |       |       |       |    19 ||    19
 Fire: Blowgun           |       |       |     3 |     2 |     5 ||    10
Throw: Tomahawk          |       |       |       |    16 |       ||    16
       Javelin           |       |       |       |     2 |     2 ||     4
 Abil: Dig               |       |     1 |    23 |    35 |     4 ||    63
       Shaft Self        |       |       |       |     1 |       ||     1
Evoke: Wand              |       |       |     3 |     9 |     1 ||    13
       Stone of tremors  |       |       |       |     1 |       ||     1
  Use: Scroll            |     5 |     7 |     9 |     9 |     4 ||    34
       Potion            |       |       |     4 |     3 |     2 ||     9
 Stab: Distracted        |       |       |       |     2 |     1 ||     3
       Invisible         |       |       |       |       |     5 ||     5
  Eat: Chunk             |    15 |     7 |       |       |       ||    22
       Bread ration      |       |       |     2 |     6 |       ||     8
       Pizza             |       |       |     1 |       |       ||     1
       Beef jerky        |       |       |       |     2 |       ||     2
       Meat ration       |       |       |       |     1 |     2 ||     3
